[Event "Uhlenkoeper-Open 2024"]
[Site "Uelzen"]
[Date "2024.12.30"]
[Round "8.1"]
[White "Parvanyan, Ashot"]
[Black "Stelmaszyk, Nico"]
[Result "1/2-1/2"]
[ECO "E05"]
[WhiteElo "2399"]
[BlackElo "2403"]
[Annotator "RC"]
[PlyCount "38"]
[EventDate "2024.12.27"]
[EventType "swiss"]
[EventCountry "GER"]
[SourceTitle "playchess.com"]
[Source "ChessBase"]
[SourceQuality "1"]
[TimeControl "40/5400+30:1800+30"]

1. Nf3 d5 2. d4 Nf6 3. c4 e6 4. g3 Be7 5. Bg2 O-O 6. O-O dxc4 7. Qc2 b6 8. Bg5 Nd5 9. Bxe7 Qxe7 10. e4 Nb4 11. Qc3 c5 12. a3 N4c6 13. d5 Na5 14. Nbd2 Ba6 15. Nh4 Nd7 16. e5 exd5 17. Bxd5 Rad8 18. Rae1 Nb3 19. e6 Qg5 1/2-1/2

[Event "Uhlenkoeper-Open 2024"]
[Site "Uelzen"]
[Date "2024.12.30"]
[Round "8.2"]
[White "Bagrationi, Alexander"]
[Black "Glek, Igor"]
[Result "1/2-1/2"]
[ECO "A21"]
[WhiteElo "2384"]
[BlackElo "2431"]
[Annotator "RC"]
[PlyCount "57"]
[EventDate "2024.12.27"]
[EventType "swiss"]
[EventCountry "GER"]
[SourceTitle "playchess.com"]
[Source "ChessBase"]
[SourceQuality "1"]
[TimeControl "40/5400+30:1800+30"]

1. c4 e5 2. Nc3 Bb4 3. Nd5 Be7 4. d4 d6 5. Nf3 c6 6. Nxe7 Qxe7 7. e3 f6 8. b4 Nh6 9. Be2 O-O 10. O-O Nf7 11. a4 Be6 12. Qc2 Nd7 13. b5 c5 14. d5 Bg4 15. Ng5 Nxg5 16. Bxg4 e4 17. Bf5 Ne5 18. Bb2 Rae8 19. Bxe4 Nxe4 20. Qxe4 f5 21. Qc2 Qh4 22. Bxe5 Rxe5 23. Qd3 f4 24. g3 fxg3 25. fxg3 Rxf1+ 26. Rxf1 Qe4 27. Qxe4 Rxe4 28. Rf4 Rxe3 29. a5 1/2-1/2

[Event "Uhlenkoeper-Open 2024"]
[Site "Uelzen"]
[Date "2024.12.30"]
[Round "8.3"]
[White "Bargsten, Justus"]
[Black "Stopa, Jacek"]
[Result "0-1"]
[ECO "C54"]
[WhiteElo "2228"]
[BlackElo "2323"]
[Annotator "RC"]
[PlyCount "42"]
[EventDate "2024.12.27"]
[EventType "swiss"]
[EventCountry "GER"]
[SourceTitle "playchess.com"]
[Source "ChessBase"]
[SourceQuality "1"]
[TimeControl "40/5400+30:1800+30"]

1. e4 e5 2. Nf3 Nc6 3. Bc4 Bc5 4. c3 Nf6 5. d3 d6 6. Bg5 h6 7. Bh4 a6 8. a4 Ba7 9. Nbd2 Qe7 10. b4 Nd8 11. Nf1 g5 12. Bg3 Ne6 13. Ne3 Nf4 14. O-O Rg8 15. Re1 Kf8 16. Qc2 h5 17. h4 gxh4 18. Nxh4 Ng4 19. Nhf5 Nxe3 20. Nxe7 Nxc2 21. Nxg8 Kxg8 0-1

[Event "Uhlenkoeper-Open 2024"]
[Site "Uelzen"]
[Date "2024.12.30"]
[Round "8.4"]
[White "Weigand, Anton"]
[Black "Tarasenko, Nazar"]
[Result "1-0"]
[ECO "B22"]
[WhiteElo "2092"]
[BlackElo "2011"]
[Annotator "RC"]
[PlyCount "57"]
[EventDate "2024.12.27"]
[EventType "swiss"]
[EventCountry "GER"]
[SourceTitle "playchess.com"]
[Source "ChessBase"]
[SourceQuality "1"]
[TimeControl "40/5400+30:1800+30"]

1. e4 c5 2. c3 d5 3. exd5 Qxd5 4. d4 Nf6 5. Nf3 Bg4 6. dxc5 Qxd1+ 7. Kxd1 e5 8. b4 e4 9. h3 Bh5 10. g4 Nxg4 11. hxg4 Bxg4 12. Rg1 Bxf3+ 13. Kc2 Bh5 14. Bg2 f5 15. Nd2 Kf7 16. Re1 Bg6 17. Nc4 Nd7 18. f3 Re8 19. fxe4 fxe4 20. Be3 Ne5 21. Nxe5+ Rxe5 22. Rad1 Bf5 23. Bd4 Re7 24. Rf1 Kg6 25. Rg1 Kf7 26. Rdf1 Ke6 27. Rf4 Rg8 28. Bf1 e3+ 29. Kd1 1-0

[Event "Uhlenkoeper-Open 2024"]
[Site "Uelzen"]
[Date "2024.12.30"]
[Round "8.5"]
[White "Martin, Dennis"]
[Black "von Estorff, Jacob"]
[Result "0-1"]
[ECO "D85"]
[WhiteElo "2005"]
[BlackElo "2209"]
[Annotator "RC"]
[PlyCount "106"]
[EventDate "2024.12.27"]
[EventType "swiss"]
[EventCountry "GER"]
[SourceTitle "playchess.com"]
[Source "ChessBase"]
[SourceQuality "1"]
[TimeControl "40/5400+30:1800+30"]

1. d4 Nf6 2. c4 g6 3. Nc3 d5 4. cxd5 Nxd5 5. Na4 Bg7 6. e4 Nb6 7. Be3 O-O 8. Nf3 Bg4 9. Nc5 Qc8 10. Qb3 N8d7 11. Be2 Nxc5 12. dxc5 Nd7 13. Rc1 c6 14. h3 Bxf3 15. Bxf3 Qc7 16. O-O Rfd8 17. Rfd1 Be5 18. Rc2 Nf8 19. Rcd2 Rxd2 20. Rxd2 Rb8 21. g3 b6 22. cxb6 axb6 23. Kg2 c5 24. Be2 Qc6 25. f4 Bc7 26. Bf3 e5 27. Qd5 Qf6 28. fxe5 Bxe5 29. b3 Bc7 30. Qc4 h5 31. b4 h4 32. bxc5 bxc5 33. Qxc5 Ne6 34. Qc4 Bxg3 35. Qf1 Qc3 36. Qd3 Qc7 37. Rc2 Qe5 38. Qc3 Qd6 39. Qd2 Qe7 40. Qc1 Kh7 41. Bg4 Ng7 42. Bf3 Ne6 43. Bg4 Nd4 44. Bxd4 Qxe4+ 45. Bf3 Qxd4 46. Qd2 Qf6 47. Qd5 Bf4 48. Bg4 Bg3 49. Bf3 Rd8 50. Qb3 Be5 51. Qe3 Bf4 52. Qc5 Rd3 53. Re2 Rxf3 0-1

[Event "Uhlenkoeper-Open 2024"]
[Site "Uelzen"]
[Date "2024.12.30"]
[Round "8.6"]
[White "Bogomolow, Sergej"]
[Black "Burnus, Finn Crispin"]
[Result "1-0"]
[ECO "C90"]
[WhiteElo "2090"]
[BlackElo "1883"]
[Annotator "NA"]
[PlyCount "93"]
[EventDate "2024.12.27"]
[EventType "swiss"]
[EventCountry "GER"]
[SourceTitle "playchess.com"]
[Source "ChessBase"]
[SourceQuality "1"]
[TimeControl "40/5400+30:1800+30"]

1. e4 e5 2. Nf3 Nc6 3. Bb5 a6 4. Ba4 Nf6 5. O-O b5 6. Bb3 Be7 7. Re1 O-O 8. d3 d6 9. c3 Na5 10. Bc2 c5 11. Nbd2 Nc6 12. a4 b4 13. Nc4 Be6 14. Ne3 bxc3 15. bxc3 Ng4 16. Nf5 Bxf5 17. exf5 Re8 18. h3 Nf6 19. Bb3 Na5 20. Ba2 Rc8 21. Ng5 c4 22. Rb1 Nd5 23. Qh5 Bxg5 24. Bxg5 f6 25. Bd2 Qd7 26. Re4 Ne7 27. dxc4 Nxf5 28. c5+ d5 29. Rb6 Nc4 30. Bxc4 dxc4 31. Rxc4 g6 32. Qe2 Red8 33. Be3 Rc6 34. Qf3 Nxe3 35. fxe3 Rdc8 36. Rcb4 Qe6 37. Qe2 a5 38. R4b5 Qd5 39. e4 Qd8 40. Qc4+ Kg7 41. Rxc6 Rxc6 42. Rb7+ Kh6 43. Qf7 Qd1+ 44. Kh2 Qe1 45. Qxh7+ Kg5 46. Rg7 Qxe4 47. Rxg6+ 1-0

[Event "Uhlenkoeper-Open 2024"]
[Site "Uelzen"]
[Date "2024.12.30"]
[Round "8.7"]
[White "Wetterau, Nathanael"]
[Black "Askerov, Imamali"]
[Result "0-1"]
[ECO "B41"]
[WhiteElo "1961"]
[BlackElo "2007"]
[Annotator "NA RC"]
[PlyCount "48"]
[EventDate "2024.12.27"]
[EventType "swiss"]
[EventCountry "GER"]
[SourceTitle "playchess.com"]
[Source "ChessBase"]
[SourceQuality "1"]
[TimeControl "40/5400+30:1800+30"]

1. e4 c5 2. Nf3 e6 3. c4 Nc6 4. d4 cxd4 5. Nxd4 Qc7 6. Nc3 a6 7. Be3 Nf6 8. Be2 Bb4 9. f3 d5 10. exd5 exd5 11. Nxc6 bxc6 12. Kf2 Bxc3 13. bxc3 O-O 14. Qd4 Re8 15. Bf4 Ne4+ 16. fxe4 Qxf4+ 17. Bf3 dxe4 18. Rhe1 Bf5 19. Kg1 Rad8 20. Qc5 exf3 21. Rf1 Be4 22. Rae1 Qg4 23. Rf2 fxg2 24. Qa7 f5 0-1

[Event "Uhlenkoeper-Open 2024"]
[Site "Uelzen"]
[Date "2024.12.30"]
[Round "8.8"]
[White "Dehn, Marcus"]
[Black "Buergener, Richard"]
[Result "1-0"]
[ECO "D00"]
[WhiteElo "2053"]
[BlackElo "1857"]
[Annotator "RC"]
[PlyCount "99"]
[EventDate "2024.12.27"]
[EventType "swiss"]
[EventCountry "GER"]
[SourceTitle "playchess.com"]
[Source "ChessBase"]
[SourceQuality "1"]
[TimeControl "40/5400+30:1800+30"]

1. d4 Nf6 2. Bf4 d5 3. e3 e6 4. c4 Bd6 5. Bg3 O-O 6. Nc3 b6 7. cxd5 exd5 8. Bd3 Be6 9. Nge2 a6 10. O-O Bxg3 11. Nxg3 c5 12. dxc5 bxc5 13. Rc1 Qd6 14. Bb1 Rd8 15. Qc2 Nbd7 16. Rfd1 Qe5 17. Na4 Rdc8 18. Qc3 Qxc3 19. Rxc3 Rab8 20. b3 c4 21. Rdc1 Nc5 22. Nxc5 Rxc5 23. Ne2 Rcb5 24. Nd4 R5b6 25. Bc2 cxb3 26. Rxb3 Rxb3 27. axb3 Rc8 28. Ra1 Ra8 29. Ra5 Bc8 30. Kf1 Kf8 31. Bd3 Bb7 32. b4 g6 33. f3 Ke7 34. Nb3 Nd7 35. Nc5 Nxc5 36. bxc5 Kd7 37. Ke2 Kc6 38. Bc2 Kc7 39. Kd3 f6 40. Kd4 Kc6 41. Ba4+ Kc7 42. c6 Bc8 43. Bb3 Kxc6 44. Bxd5+ Kb6 45. Bxa8 Kxa5 46. Kc5 Be6 47. Bc6 f5 48. e4 fxe4 49. fxe4 Bf7 50. Bd7 1-0

[Event "Uhlenkoeper-Open 2024"]
[Site "Uelzen"]
[Date "2024.12.30"]
[Round "8.9"]
[White "Sviridov, Vitaliy"]
[Black "Raddatz, Michael"]
[Result "0-1"]
[ECO "A48"]
[WhiteElo "1777"]
[BlackElo "1927"]
[Annotator "NA RC"]
[PlyCount "64"]
[EventDate "2024.12.27"]
[EventType "swiss"]
[EventCountry "GER"]
[SourceTitle "playchess.com"]
[Source "ChessBase"]
[SourceQuality "1"]
[TimeControl "40/5400+30:1800+30"]

1. d4 Nf6 2. Bf4 d6 3. Nf3 g6 4. h3 Bg7 5. c3 O-O 6. e3 Nbd7 7. Nbd2 c5 8. Bh2 a6 9. Be2 b5 10. O-O Bb7 11. Ne1 e5 12. dxe5 dxe5 13. a4 c4 14. Ndf3 Qe7 15. b3 cxb3 16. Qxb3 Nc5 17. Qb4 Nd5 18. Qa3 Nxa4 19. c4 Qxa3 20. Rxa3 Ndc3 21. Bd1 Nxd1 22. cxb5 axb5 23. Nc2 Bxf3 24. gxf3 Rfd8 25. Rb3 Rac8 26. Na3 Rc3 27. Rxc3 Naxc3 28. f4 exf4 29. Bxf4 b4 30. Nc4 Ne2+ 31. Kg2 Nxf4+ 32. exf4 b3 0-1

[Event "Uhlenkoeper-Open 2024"]
[Site "Uelzen"]
[Date "2024.12.30"]
[Round "8.10"]
[White "Juergenpott, Maximilian"]
[Black "Ritter, Uwe"]
[Result "0-1"]
[ECO "A17"]
[WhiteElo "1788"]
[BlackElo "1954"]
[Annotator "NA"]
[PlyCount "118"]
[EventDate "2024.12.27"]
[EventType "swiss"]
[EventCountry "GER"]
[SourceTitle "playchess.com"]
[Source "ChessBase"]
[SourceQuality "1"]
[TimeControl "40/5400+30:1800+30"]

1. Nf3 Nf6 2. e3 e6 3. c4 c5 4. Nc3 d5 5. cxd5 Nxd5 6. Bb5+ Bd7 7. Qb3 Nxc3 8. bxc3 Bxb5 9. Qxb5+ Qd7 10. Qxd7+ Nxd7 11. Rb1 b6 12. d4 Bd6 13. e4 cxd4 14. cxd4 O-O 15. Kd2 e5 16. Bb2 Rfd8 17. Ke3 exd4+ 18. Bxd4 Nc5 19. e5 Bf8 20. Rhd1 g6 21. Ne1 Ne6 22. Ba1 g5 23. g3 g4 24. Nd3 Bh6+ 25. Ke4 Rac8 26. f4 gxf3 27. Kxf3 Ng5+ 28. Kg4 Ne6 29. Nf4 Rxd1 30. Rxd1 Bxf4 31. gxf4 Rc4 32. Rf1 h5+ 33. Kg3 Ra4 34. Rf2 Ra3+ 35. Kh4 Ra4 36. Kg3 Kh7 37. f5 Ng5 38. Rc2 Rg4+ 39. Kf2 Rf4+ 40. Ke3 Rf3+ 41. Ke2 Rxf5 42. Rc7 a5 43. Rb7 Nh3 44. Bd4 Nf4+ 45. Ke3 Ne6 46. Bc3 Nc5 47. Rb8 Rg5 48. Kf3 Rg6 49. Rc8 Re6 50. Rc7 Kg6 51. Bd4 Nd3 52. Ke4 Nb4 53. a4 f6 54. Rb7 Nc6 55. Bxb6 Rxe5+ 56. Kf4 Nb4 57. Bd4 Re2 58. Rb5 Rxh2 59. Rxa5 Rh4+ 0-1